Map: Overgrowth LE (Void)

Players

Fropez - Winner!

  • Race: Protoss Protoss
  • League: Gold
  • Spawn Location: 1:00

Threat

  • Race: Zerg Zerg
  • League: Gold
  • Spawn Location: 7:00

VOD

Have the link to the VOD?

Description

Time

  • Played on: Dec. 24, 2016, 5:27 p.m.
  • Length: 10:30
Show
View Real Time Build Order
Export as new Build Order

Fropez Protoss - Winner!

Build Orders: 1 Gate Expand 

Get SALT Encoding   

  12  0:00  Probe (Chrono Boost)  
  13  0:11  Probe (Chrono Boost)  
  14  0:22  Pylon, Probe (Chrono Boost)  
  15  0:41  Probe (Chrono Boost)  
  15  0:42  Gateway  
  16  0:50  Assimilator  
  16  0:51  Probe (Chrono Boost)  
  17  1:02  Probe (Chrono Boost)  
  18  1:06  Assimilator  
  18  1:12  Probe (Chrono Boost)  
  19  1:24  Nexus  
  19  1:36  Cybernetics Core  
  19  1:39  Probe (Chrono Boost)  
  20  1:45  Assimilator  
  20  1:49  Probe (Chrono Boost)  
  21  2:00  Probe (Chrono Boost)  
  22  2:05  Pylon  
  22  2:15  Gateway  
  22  2:22  Assimilator  
  23  2:23  Adept  
  23  2:27  Mothership Core (Chrono Boost)  
  26  2:35  Warp Gate  
  26  2:45  Probe (Chrono Boost), Gateway  
  26  2:46  Probe (Chrono Boost)  
  28  2:56  Probe (Chrono Boost)  
  30  2:58  Probe (Chrono Boost)  
  30  3:07  Probe (Chrono Boost)  
  30  3:08  Adept  
  30  3:09  Adept  
  35  3:17  Pylon  
  35  3:19  Probe (Chrono Boost)  
  37  3:21  Probe (Chrono Boost)  
  37  3:35  Adept, Stalker  
  37  3:36  Stalker  
  43  3:43  Probe (Chrono Boost)  
  43  3:45  Probe (Chrono Boost)  
  45  3:54  Pylon, Probe (Chrono Boost)  
  46  3:57  Probe (Chrono Boost)  
  47  4:17  Pylon  
  47  4:18  Pylon  
  38  4:47  Stalker x3  
  40  5:00  Pylon  
  40  5:16  Stalker x3  
  44  5:32  Mothership Core (Chrono Boost)  
  42  5:39  Adept x2  
  42  5:40  Adept  
  42  5:51  Probe (Chrono Boost)  
  42  5:52  Probe (Chrono Boost)  
  42  5:54  Gateway  
  42  5:56  Gateway  
  42  6:02  Robotics Facility  
  42  6:13  Stalker x2  
  42  6:14  Stalker  
  33  6:35  Mothership Core (Chrono Boost)  
  33  6:38  Adept x2  
  33  6:39  Adept  
  39  6:42  Probe (Chrono Boost)  
  37  6:52  Probe (Chrono Boost)  
  38  7:12  Stalker x2  
  42  7:16  Warp Prism  
  42  7:17  Assimilator  
  42  7:19  Probe x2 (Chrono Boost)  
  46  7:29  Stalker  
  46  7:31  Adept  
  44  7:50  Forge  
  44  7:51  Adept x3  
  37  8:17  Probe x2 (Chrono Boost)  
  38  8:28  Probe x2 (Chrono Boost)  
  40  8:42  Probe x2 (Chrono Boost)  
  40  8:49  Observer  
  40  8:53  Adept, Probe x2 (Chrono Boost)  
  43  9:15  Adept x2  
  47  9:20  Pylon  
  47  10:05  Sentry x3  
  47  10:06  Sentry  
  55  10:10  Probe (Chrono Boost)  
  55  10:11  Probe (Chrono Boost)  
  55  10:12  Photon Cannon  
Show
View Real Time Build Order
Export as new Build Order

Threat Zerg 

Build Orders: Hatch First 

Get SALT Encoding   

  12  0:02  Drone  
  13  0:12  Overlord  
  13  0:17  Drone  
  14  0:30  Drone x2  
  16  0:36  Drone  
  17  0:57  Drone  
  17  0:58  Hatchery  
  17  1:01  Extractor  
  16  1:15  Spawning Pool  
  16  1:16  Drone  
  16  1:51  Drone x2  
  16  1:52  Drone, Hatchery  
  18  2:04  Overlord  
  18  2:13  Queen  
  20  2:17  Drone  
  20  2:20  Drone  
  22  2:34  Roach Warren  
  21  2:38  Metabolic Boost  
  21  2:56  Overlord  
  21  3:04  Queen  
  23  3:08  Zergling x8  
  27  3:14  Roach  
  27  3:17  Roach  
  31  3:26  Roach  
  33  3:36  Roach  
  35  3:48  Queen  
  37  3:50  Roach  
  38  4:14  Roach  
  40  4:17  Overlord x2  
  40  4:18  Zergling x2  
  36  4:42  Zergling x2  
  36  4:43  Zergling x22  
  46  4:56  Zergling x2  
  46  4:57  Zergling x8  
  42  5:02  Zergling x2  
  43  5:14  Zergling x2  
  43  5:15  Zergling x6  
  41  5:34  Zergling x10  
  41  5:35  Zergling x2  
  33  5:51  Zergling x2  
  33  5:52  Zergling x8  
  34  5:59  Zergling x2  
  34  6:00  Zergling x4  
  37  6:13  Zergling x2  
  37  6:14  Zergling x4  
  32  6:37  Zergling x12  
  31  6:48  Roach  
  31  6:49  Roach x3  
  38  7:10  Zergling x8  
  38  7:11  Zergling x6  
  35  7:30  Zergling x2  
  35  7:31  Zergling x10  
  36  7:45  Zergling x8  
  26  8:26  Zergling x6  
  26  8:27  Zergling x12  
  28  8:58  Queen  
  28  9:00  Roach  
  28  9:01  Roach x4  
  33  9:12  Drone x2  
  33  9:30  Drone  
  34  9:33  Drone x3  
  37  9:50  Roach  
  37  9:51  Roach x2  
  41  9:53  Roach  
  41  9:54  Roach  
Tags
 
Add a new tag
Caveats
  • Supply blocks, unpowered buildings, or Contaminate may cause inaccurate times.
  • Supply counts are checked every 10 seconds.